 Dungeon Crawl Stone Soup version 0.31-a0-200-gbc41564c69 (webtiles) character file.

Game seed: 247764206019014797

788 qw the Skirmisher (level 7, -1/40 HPs)
             Began as a Deep Elf Hunter on June 25, 2023.
             Was an Initiate of Okawaru.
             Shot with an arrow by a centaur (3 damage)
             ... on level 5 of the Dungeon.
             The game lasted 00:01:21 (4265 turns).

qw the Skirmisher (Deep Elf Hunter)                 Turns: 4265, Time: 00:01:21

Health: -1/40      AC:  7    Str: 10    XL:     7   Next: 56%
Magic:  9/9        EV: 12    Int: 14    God:    Okawaru [......]
Gold:   154        SH:  0    Dex: 18    Spells: 6/6 levels left

rFire   . . .        Y - +1 hand crossbow (flame)
rCold   . . .        (no shield)
rNeg    . . .        g - +0 ring mail
rPois   .            (no helmet)
rElec   .            (no cloak)
rCorr   .            h - +1 pair of gloves {hurl}
SInv    .            (no boots)
Will    .....        (no amulet)
Stlth   +            (no ring)
HPRegen 0.26/turn    (no ring)
MPRegen 0.11/turn

%: no passive effects
@: no status effects
A: no striking features
a: Renounce Religion


You were on level 5 of the Dungeon.
You worshipped Okawaru.
Okawaru was noncommittal.
You visited 2 branches of the dungeon, and saw 6 of its levels.
You also visited: Sewer.

You collected 181 gold pieces.
You spent 27 gold pieces at shops.


   Skills:
 - Level 2.0 Fighting
 + Level 11.1 Ranged Weapons
 - Level 1.4 Armour
 - Level 4.2 Dodging
 - Level 1.2 Stealth


You had 6 spell levels left.
You didn't know any spells.
Your spell library was empty.

Inventory:

Hand Weapons
 Y - a +1 hand crossbow of flaming (weapon)
Armour
 g - a +0 ring mail (worn)
 h - a +1 pair of gloves of hurling (worn)
Jewellery
 e - a ring of flight
 j - a ring of fire
Scrolls
 a - a scroll of identify
 f - 2 scrolls of vulnerability {unknown}
 l - a scroll of brand weapon {unknown}
Potions
 b - a potion of might
 c - a potion of lignification {unknown}
 d - 3 potions of curing
 i - a potion of resistance
 k - 2 potions of enlightenment

Dungeon Overview and Level Annotations

Branches:
Dungeon (5/15)             Temple (1/1) D:4           Sewer (visited)

Altars:
Ashenzari
Cheibriados
Dithmenos
Elyvilon
Fedhas
Gozag
Hepliaklqana
Kikubaaqudgha
Makhleb
Nemelex Xobeh
Okawaru
Ru
Trog
Uskayaw
Vehumet
Wu Jian
Xom
Yredelemnul
Zin

Shops:
D:1 =*


Message History

The bolt hits the orc wizard!!
The bolt burns the orc wizard.
You kill the orc wizard!
Okawaru accepts your kill.
An orc comes into view. It is wielding a +0 falchion.
You shoot a bolt. The orc shouts!
The bolt hits the orc!
The bolt burns the orc.
You kill the orc!
Okawaru accepts your kill.
f - 2 scrolls labelled ETOTRE EDOSODGH (gained 1)
You see here a +0 falchion.
A centaur comes into view.
Enter note:
Enter note:
Enter note:
Enter note:
Enter note:
Enter note:
Enter note:
Enter note:
Enter note: You shoot a bolt.
The centaur shouts!
The bolt hits the centaur!
The bolt burns the centaur.
The centaur is severely wounded.
The centaur wields a +0 orcbow of flaming.
It bursts into flame!
The centaur shoots an arrow.
The arrow hits you! The arrow burns you.
The centaur shoots an arrow.
The arrow hits you! The arrow burns you.
You shoot a bolt.
The bolt hits the centaur but does no damage.
The centaur is severely wounded.
The centaur shoots an arrow.
The arrow hits you! The arrow burns you.
The centaur shoots an arrow.
The arrow hits you. The arrow burns you.
You shoot a bolt. The bolt barely misses the centaur.
You shoot a bolt. The bolt hits the centaur.
The bolt burns the centaur.
The centaur is almost dead.
The centaur shoots an arrow.
The arrow hits you. The arrow burns you.
The centaur shoots an arrow.
The arrow hits you.
You die...

#.#
#...######..).##....#.#.#.#.#
...
.................).#.#.#.#.#.
.#
#.#.####)##..###..#.#.#.#.#.#
#.#.# #.##..# #...#.#.#.#.#.
#.#.## #.##..# #...)#.#.#.#.#
#....###.##..# ##....#.#.#.#.
#........##..#####....#.#.#.#
#....######............#.#.#.
#.#.########@#####.#....#.#.#
#...............c..##....#.#.
#.#.########.#########....#..
#............# ##......
############## ##..... ######


You could see a centaur.

Vanquished Creatures
  Menkaure (D:5)
  A water moccasin (D:5)
  A howler monkey (D:5)
  2 orc priests
  2 hounds (D:5)
  Jessica (D:2)
  2 iguanas
  5 orc wizards
  7 adders
  A white imp (D:5)
  An ufetubus (D:4)
  4 worms
  4 dart slugs
  15 orcs
  7 endoplasms
  7 giant cockroaches
  8 goblins
  2 hobgoblins (D:3)
  4 jackals (D:3)
  4 kobolds
  6 quokkas
  5 ball pythons
  5 bats
  7 frilled lizards
  7 rats
109 creatures vanquished.

Notes
Turn   | Place    | Note
-------+----------+-------------------------------------------
     0 | D:1      | qw the Deep Elf Hunter began the quest for the Orb.
     0 | D:1      | Reached XP level 1. HP: 12/12 MP: 3/3
     0 | D:1      | 0 ||| qw: Version: 0.3-a-22-g0ed2b0b
     0 | D:1      | 0 ||| qw: Game counter: 5606
     0 | D:1      | 0 ||| qw: Melee chars always use a shield: true
     0 | D:1      | 0 ||| qw: God list: Okawaru
     0 | D:1      | 0 ||| qw: Allow faded altars: false
     0 | D:1      | 0 ||| qw: Do Orc after clearing Dungeon:15 true
     0 | D:1      | 0 ||| qw: Do second Lair branch before Depths: true
     0 | D:1      | 0 ||| qw: Lair rune preference: random
     0 | D:1      | 0 ||| qw: Goals: Normal
     0 | D:1      | 0 ||| PLANNING D:1-11
   194 | D:1      | Found Tuuxzats's Assorted Antiques.
   228 | D:1      | 228 ||| SHOPLISTING 2 scrolls labelled CUEVAY JOAGUQ (62
                  | gold, have 30).
   228 | D:1      | 228 ||| BUYING bubbling red potion (27 gold).
   228 | D:1      | Bought a bubbling red potion for 27 gold pieces
   228 | D:1      | 228 ||| SHOPLISTING puce potion (27 gold, have 3).
   228 | D:1      | 228 ||| SHOPLISTING scroll labelled AVEIXZ UFYNKU (31 gold,
                  | have 3).
   228 | D:1      | 228 ||| SHOPLISTING scroll labelled IMU XYICVULIA (31 gold,
                  | have 3).
   228 | D:1      | 228 ||| SHOPLISTING scroll labelled VUCLUKIVEMN (31 gold,
                  | have 3).
   228 | D:1      | 228 ||| SHOPLISTING smoky coppery potion (27 gold, have 3).
   271 | D:1      | Found Qairunij's Jewellery Shop.
   278 | D:1      | Reached XP level 2. HP: 16/16 MP: 4/4
   284 | D:1      | 284 ||| SHOPLISTING +6 ring of strength (396 gold, have 3).
   284 | D:1      | 284 ||| SHOPLISTING amulet of faith (440 gold, have 3).
   284 | D:1      | 284 ||| SHOPLISTING ring of protection from cold (275 gold,
                  | have 3).
   284 | D:1      | 284 ||| SHOPLISTING ring of protection from fire (275 gold,
                  | have 3).
   308 | D:1      | Reached skill level 6 in Ranged Weapons
   486 | D:1      | 486 ||| UPGRADING to +0 scale mail.
   496 | D:1      | 496 ||| DROPPING +0 leather armour.
   497 | D:1      | 497 ||| UPGRADING to +0 ring mail.
   507 | D:1      | 507 ||| DROPPING +0 scale mail.
   508 | D:1      | 508 ||| UPGRADING to +1 pair of gloves of hurling.
   513 | D:1      | 513 ||| DROPPING scarf of shadows.
   514 | D:1      | 514 ||| DRINKING 2 smoky coppery potions.
   515 | D:1      | 515 ||| DROPPING scroll of butterflies.
   692 | D:2      | Reached XP level 3. HP: 20/20 MP: 5/5
   731 | D:2      | Found a faded altar of an unknown god.
  1206 | D:2      | Noticed Jessica
  1209 | D:2      | Killed Jessica
  1210 | D:2      | Reached skill level 7 in Ranged Weapons
  1413 | D:2      | 1413 ||| READING 3 scrolls labelled AVEIXZ UFYNKU.
  1414 | D:2      | 1414 ||| READING scroll labelled TIUZOR IPHE.
  1415 | D:2      | 1415 ||| READING 2 scrolls labelled OTOPPEFFYBB.
  1416 | D:2      | 1416 ||| READING scroll of enchant weapon.
  1416 | D:2      | 1416 ||| ENCHANTING +1 shortbow.
  1417 | D:2      | 1417 ||| DRINKING 3 fuming dark potions.
  1418 | D:2      | 1418 ||| READING 2 scrolls of identify.
  1418 | D:2      | 1418 ||| IDENTIFYING bubbling red potion
  1419 | D:2      | 1419 ||| DROPPING potion of invisibility.
  1420 | D:2      | 1420 ||| DROPPING 2 potions of degeneration.
  1429 | D:3      | 1429 ||| PLANNING SEWER
  1433 | D:3      | Reached XP level 4. HP: 25/25 MP: 6/6
  1468 | D:3      | Found a glowing drain.
  1493 | D:3      | 1493 ||| READING scroll labelled HAWEMAE JISKAU.
  1493 | D:3      | Identified a scroll of acquirement
  1493 | D:3      | 1493 ||| ACQUIRING +1 hand crossbow of flaming
  1493 | D:3      | Acquired a +1 hand crossbow of flaming
  1495 | D:3      | 1495 ||| SWAPPING to +1 hand crossbow of flaming.
  1496 | D:3      | 1496 ||| DROPPING +2 shortbow.
  1512 | Sewer    | Entered a sewer
  1530 | Sewer    | 1530 ||| Stepping ~*~*~tactically~*~*~ (water).
  1594 | Sewer    | 1594 ||| Stepping ~*~*~tactically~*~*~ (water).
  1601 | Sewer    | Reached skill level 8 in Ranged Weapons
  1771 | Sewer    | 1771 ||| READING scroll labelled DYCUOC GUETZ.
  1772 | Sewer    | 1772 ||| READING scroll labelled PAMNYEVEUD.
  1777 | Sewer    | 1777 ||| DRINKING 2 smoky clear potions.
  1778 | Sewer    | 1778 ||| READING 2 scrolls of identify.
  1778 | Sewer    | 1778 ||| IDENTIFYING glowing blue potion
  1779 | Sewer    | 1779 ||| DROPPING potion of brilliance.
  1785 | D:3      | 1785 ||| PLANNING D:1-11
  1941 | D:3      | Found a shimmering altar of Xom.
  1971 | D:3      | Reached XP level 5. HP: 29/29 MP: 7/7
  2024 | D:3      | Found a sparkling altar of Nemelex Xobeh.
  2488 | D:3      | 2488 ||| READING 2 scrolls of identify.
  2488 | D:3      | 2488 ||| IDENTIFYING sapphire potion
  2582 | D:4      | Reached skill level 9 in Ranged Weapons
  2746 | D:4      | Found a staircase to the Ecumenical Temple.
  2747 | D:4      | 2747 ||| PLANNING TEMPLE
  2747 | D:4      | 2747 ||| READING 2 scrolls of identify.
  2747 | D:4      | 2747 ||| IDENTIFYING blue potion
  2748 | D:4      | 2748 ||| DROPPING potion of ambrosia.
  2757 | Temple   | Entered the Ecumenical Temple
  2778 | Temple   | 2778 ||| PLANNING OKAWARU WORSHIP
  2954 | Temple   | Became a worshipper of Warmaster Okawaru
  2955 | Temple   | 2955 ||| PLANNING D:1-11
  3056 | D:4      | Reached XP level 6. HP: 35/35 MP: 8/8
  3178 | D:4      | Found a glowing silver altar of Zin.
  3178 | D:4      | Found a bloodstained altar of Trog.
  3581 | D:4      | 3581 ||| DRINKING 2 smoky black potions.
  3619 | D:5      | Entered Level 5 of the Dungeon
  3640 | D:5      | Reached skill level 10 in Ranged Weapons
  3699 | D:5      | Noticed Menkaure
  3700 | D:5      | Killed Menkaure
  3713 | D:5      | Reached XP level 7. HP: 32/40 MP: 9/9
  3773 | D:5      | Reached skill level 1 in Armour
  3774 | D:5      | 3774 ||| Stepping ~*~*~tactically~*~*~ (outnumbered).
  3860 | D:5      | Found a burning altar of Makhleb.
  4212 | D:5      | Reached skill level 11 in Ranged Weapons
  4263 | D:5      | HP: 10/40 [centaur/arrow (1)]
  4265 | D:5      | HP: 3/40 [centaur/arrow (5)]
  4265 | D:5      | Shot with an arrow by a centaur

Levels and vault maps discovered:
D:1:      dpeg_arrival_houses_and_road, layout_rooms, serial_shops, shop,
          nicolae_shop_peninsula
D:2:      layout_basic, basic_ecumenical_altar, minmay_strange_pillars,
          uniq_jessica
D:3:      layout_loops_ring, nemelex_dance_club_becter,
          mainiacjoe_overflow_surrounded_room, portal_sewer_entry_f,
          kennysheep_nub
D:4:      minmay_spotlight, layout_gridville, gammafunk_temple_overflow_statue,
          temple_statues
D:5:      layout_loops_ring, lemuel_doored_altar, nicolae_the_louvre,
          uniq_menkaure
Temple:   eino_narrow_crystal_temple

Skill      XL: |  1  2  3  4  5  6  7 |
---------------+----------------------+-----
Ranged Weapons | 6 7 8 9 10 11 | 11.1
Fighting       | 2 |  2.0
Dodging        | 4 |  4.2
Armour         | 1 |  1.4
Stealth        | |  1.2

Action                     |  1- 3 |  4- 6 |  7- 9 || total
---------------------------+-------+-------+-------++-------
   Fire: Shortbow          |    61 |    19 |       ||    80
         Hand crossbow     |       |   141 |    29 ||   170
    Use: Potion            |     2 |     2 |       ||     4
         Scroll            |     5 |     6 |       ||    11
 Armour: Leather armour    |     1 |       |       ||     1
         Ring mail         |     2 |    49 |     6 ||    57
  Dodge: Dodged            |     7 |    61 |     5 ||    73

Table legend:
 A = Non-vault XP
 B = Vault XP
 C = Vault XP percentage of total XP
 D = Non-vault monster count
 E = Vault monster count
 F = Vault count percentage of total count
                 A         B        C        D         E       F
            +---------+---------+-------+---------+---------+-------
      Total |     840 |     287 |  25.5 |      89 |      20 |  18.3
            +---------+---------+-------+---------+---------+-------
        D:1 |      14 |       0 |   0.0 |      11 |       0 |   0.0
        D:2 |      43 |      37 |  46.2 |      11 |       1 |   8.3
        D:3 |     100 |      15 |  13.0 |      27 |       7 |  20.6
        D:4 |     200 |       2 |   1.0 |      22 |       1 |   4.3
        D:5 |     483 |     172 |  26.3 |      18 |       1 |   5.3
      Sewer |       0 |      61 | 100.0 |       0 |      10 | 100.0
            +---------+---------+-------+---------+---------+-------
